Senateurs vs Red Wings
Created - 11 mars 2015 at 23:22
Goals
|
| Senateurs |
1 |
1 |
0 |
2 |
| Red Wings |
0 |
3 |
1 |
4 |
|
Shots
|
| Senateurs |
6 |
10 |
18 |
34 |
| Red Wings |
3 |
16 |
5 |
24 |
|
1st period
1. Senateurs , Darcy Hordichuk 26 (B.J. Crombeen) at 16:49
Penalties :
Rick Nash (Det) for Hooking (Minor) at 9:55
2nd period
2. Red Wings , Jason Spezza 41 (Paul Martin, Shea Weber) at 0:15
3. Red Wings , Shawn Horcoff 13 (Lee Stempniak, Robert Dome) at 1:16
4. Red Wings , Mike Richards 24 (Sean Bergenheim, Teemu Selanne) at 2:17 (PP)
5. Senateurs , Gilbert Brule 35 (Vitaly Vishnevsky, Jean-Pierre Dumont) at 3:16
Penalties :
Brenden Morrow (Ott) for High sticking (Minor) at 1:28, Jean-Pierre Dumont (Ott) for Hooking (Minor) at 9:09
3rd period
6. Red Wings , Rick Nash 37 (Jason Spezza) at 13:08 (PP)
Penalties :
Mike Brown (Det) for Holding (Minor) at 3:29, Darcy Hordichuk (Ott) for Interference (Minor) at 12:24, Carlo Colaiacovo (Ott) for Hooking (Minor) at 13:06, Nate Thompson (Det) for Roughing (Minor) at 15:42
Goalie Stats
Ondrej Pavelec (Ott), 20 saves from 24 shots - (0,833), L, 23-23-7, 60:00 minutes
Jonathan Quick (Det), 32 saves from 34 shots - (0,941), W, 30-21-7, 60:00 minutes
Players Stats for Senateurs
Player Name G A P +/- PIM S H SB GA TA FO MP PP MP PK MP
------------------------------------------------------------------------------------
Andrew Ebbett 0 0 0 0 0 2 0 0 0 0 4/4 11:12 0:00 0:05
Andy Hilbert 0 0 0 0 0 2 1 0 0 0 0/3 10:27 0:00 1:49
Andy McDonald 0 0 0 0 0 1 2 1 1 0 1/1 19:29 2:33 1:51
B.J. Crombeen 0 1 1 0 0 3 0 0 1 0 0/1 12:29 0:00 0:00
Brenden Morrow 0 0 0 0 2 0 3 0 1 0 3/10 19:14 3:24 2:41
Carlo Colaiacovo 0 0 0 -1 2 1 0 2 0 1 0/0 18:45 3:01 1:46
Dan Girardi 0 0 0 1 0 1 0 0 0 0 0/0 12:12 0:00 1:01
Dan Hamhuis 0 0 0 -1 0 2 0 1 0 0 0/0 19:47 3:01 2:48
Darcy Hordichuk 1 0 1 0 2 1 0 0 0 0 0/1 11:34 0:00 1:01
Daymond Langkow 0 0 0 0 0 3 1 2 1 0 5/16 20:06 3:24 3:29
Gilbert Brule 1 0 1 0 0 6 1 1 0 0 10/20 17:11 2:33 0:00
Jean-Pierre Dumont 0 1 1 0 2 4 2 0 1 0 3/6 17:34 2:33 0:00
Kurtis Foster 0 0 0 0 0 1 0 5 0 0 0/0 29:08 2:56 2:41
Nikita Alexeev 0 0 0 0 0 3 0 0 1 0 0/0 9:14 0:00 0:00
Sami Salo 0 0 0 1 0 2 3 1 0 0 0/0 11:05 0:00 0:00
Todd Bertuzzi 0 0 0 0 0 2 0 1 0 0 1/1 16:36 3:24 0:00
Vernon Fiddler 0 0 0 0 0 0 0 0 0 0 0/1 9:14 0:00 0:00
Vitaly Vishnevsky 0 1 1 0 0 0 0 2 1 2 0/0 29:08 2:56 2:41
Players Stats for Red Wings
Player Name G A P +/- PIM S H SB GA TA FO MP PP MP PK MP
------------------------------------------------------------------------------------
Alex Picard 0 0 0 0 0 1 0 1 1 0 0/0 12:28 0:03 1:12
Christian Backman 0 0 0 1 0 0 1 0 0 0 0/0 20:06 2:25 0:00
Jason Spezza 1 1 2 0 0 1 3 1 0 0 28/44 22:08 2:59 3:10
Lee Stempniak 0 1 1 1 0 1 0 1 0 0 0/0 11:14 0:18 0:00
Martin Havlat 0 0 0 0 0 0 3 1 1 1 1/3 20:16 2:59 1:16
Maxim Kondratiev 0 0 0 0 0 1 0 2 0 1 0/0 16:10 0:00 2:55
Mike Brown 0 0 0 0 2 1 1 0 0 0 0/0 10:18 0:00 0:00
Mike Richards 1 0 1 -1 0 3 3 1 0 0 4/10 14:58 2:27 1:40
Nate Thompson 0 0 0 0 2 0 0 3 0 0 2/3 12:00 0:03 1:24
Ossi Vaananen 0 0 0 -1 0 0 0 0 0 0 0/0 12:39 0:00 0:00
Paul Martin 0 1 1 -1 0 2 0 1 0 2 0/0 24:07 3:04 3:02
Richard Jackman 0 0 0 1 0 0 0 2 0 1 0/0 19:52 2:25 2:55
Rick Nash 1 0 1 0 2 4 1 0 0 0 0/0 21:21 2:59 2:25
Robert Dome 0 1 1 1 0 0 0 0 0 0 0/0 11:10 0:00 0:35
Sean Bergenheim 0 1 1 -1 0 1 1 1 1 1 1/1 13:52 2:27 0:00
Shawn Horcoff 1 0 1 1 0 4 1 0 0 0 1/2 12:54 1:01 0:12
Shea Weber 0 1 1 0 0 4 1 2 0 1 0/0 27:06 3:04 3:02
Teemu Selanne 0 1 1 -1 0 1 0 1 0 0 0/1 11:21 1:11 0:00
3 Stars
1 - Jason Spezza (Det)
2 - Shawn Horcoff (Det)
3 - Jonathan Quick (Det)
Power Play
Senateurs - 0 on 3 Attempt(s) - 0,00%
Red Wings - 2 on 4 Attempt(s) - 50,00%
Penalty Kill
Senateurs - 2 on 4 Attempt(s) - 50,00%
- Score 0 goal in Penalty Kill
Red Wings - 3 on 3 Attempt(s) - 100,00%
- Score 0 goal in Penalty Kill
Team Stat
Senateurs - Hits : 13 - Faceoff Wins : 27 - Blocked Shots : 16 - Penalty Minutes : 8
Red Wings - Hits : 15 - Faceoff Wins : 37 - Blocked Shots : 17 - Penalty Minutes : 6
Official
Referees : Martell Rob and McCauley Wes
Linesman : Michel Cormier and Dan Schachte
Game Notes
0:15 of 2nd period - Red Wings goal is going for a video replay. After video review, Goal.
Teemu Selanne is injured at 10:31 of 3rd period (Torn Left Knee Ligaments)
Finance
Level 1 -- Attendance: 6000 (100,00%) -- Ticket Income 450 000 $
Level 2 -- Attendance: 4711 (94,22%) -- Ticket Income 211 995 $
Level 3 -- Attendance: 1947 (97,35%) -- Ticket Income 48 675 $
Level 4 -- Attendance: 3875 (96,88%) -- Ticket Income 69 750 $
Luxury Box -- Attendance: 1000 (100,00%) -- Ticket Income 150 000 $
Game was played at the Joe Louis Arena'
Total Attendance: 17533 (97,41%)
Total Ticket Income: 930 420 $
Other Income: 139 563 $
Total Income: 1 069 983 $
Senateurs
5 vs 5 Forward
Center Left Wing Right Wing Time % Phy DF OF
1 Gilbert Brule Andy McDonald Jean-Pierre Dumont 36 1 2 2
2 Daymond Langkow Brenden Morrow Todd Bertuzzi 32 1 2 2
3 Andrew Ebbett Darcy Hordichuk B.J. Crombeen 22 1 2 2
4 Vernon Fiddler Andy Hilbert Nikita Alexeev 10 1 2 2
5 vs 5 Defense
Defense Defense Time % Phy DF OF
1 Vitaly Vishnevsky Kurtis Foster 40 1 2 2
2 Dan Hamhuis Carlo Colaiacovo 30 1 2 2
3 Sami Salo Dan Girardi 20 1 2 2
4 Vitaly Vishnevsky Kurtis Foster 10 1 2 2
PowerPlay Forward
Center Left Wing Right Wing Time % Phy DF OF
1 Daymond Langkow Brenden Morrow Todd Bertuzzi 60 1 2 2
2 Gilbert Brule Andy McDonald Jean-Pierre Dumont 40 1 2 2
PowerPlay Defense
Defense Defense Time % Phy DF OF
1 Vitaly Vishnevsky Kurtis Foster 60 1 2 2
2 Dan Hamhuis Carlo Colaiacovo 40 1 2 2
Penalty Kill 4 Players Forward
Center Wing Time % Phy DF OF
1 Brenden Morrow Daymond Langkow 60 1 2 2
2 Andy McDonald Darcy Hordichuk 40 1 2 2
Penalty Kill 4 Players Defense
Defense Defense Time % Phy DF OF
1 Vitaly Vishnevsky Kurtis Foster 60 1 2 2
2 Dan Hamhuis Carlo Colaiacovo 40 1 2 2
Penalty Kill - 3 Players Forward
Forward Time % Phy DF OF
1 Brenden Morrow 60 1 2 2
2 Daymond Langkow 40 1 2 2
Penalty Kill - 3 Players Defense
Defense Defense Time % Phy DF OF
1 Vitaly Vishnevsky Kurtis Foster 60 1 2 2
2 Dan Hamhuis Carlo Colaiacovo 40 1 2 2
4 vs 4 Forward
Center Wing Time % Phy DF OF
1 Brenden Morrow Daymond Langkow 60 1 2 2
2 Andy McDonald Darcy Hordichuk 40 1 2 2
4 vs 4 Defense
Defense Defense Time % Phy DF OF
1 Vitaly Vishnevsky Kurtis Foster 60 1 2 2
2 Dan Hamhuis Carlo Colaiacovo 40 1 2 2
Last Minutes Offensive
Center Left Wing Right Wing Defense Defense
Daymond Langkow Brenden Morrow Todd Bertuzzi Vitaly Vishnevsky Kurtis Foster
Last Minutes Defensive
Center Left Wing Right Wing Defense Defense
Daymond Langkow Brenden Morrow Todd Bertuzzi Vitaly Vishnevsky Kurtis Foster
Goaltenders
Starting : Ondrej Pavelec
Backup : Jeff Deslauriers
Extra Forwards
Normal : Andrew Ebbett, B.J. Crombeen, Andy Hilbert - PP : Andrew Ebbett, B.J. Crombeen - PK : Andy Hilbert
Extra Defensemen
Normal : Sami Salo, Dan Girardi, Dan Hamhuis - PP : Sami Salo - PK : Dan Girardi, Dan Hamhuis
Penalty Shots
Brenden Morrow, Daymond Langkow, Andy McDonald, Darcy Hordichuk, Gilbert Brule
Red Wings
5 vs 5 Forward
Center Left Wing Right Wing Time % Phy DF OF
1 Jason Spezza Rick Nash Martin Havlat 40 1 2 2
2 Mike Richards Sean Bergenheim Teemu Selanne 30 1 2 2
3 Shawn Horcoff Robert Dome Lee Stempniak 17 1 2 2
4 Nate Thompson Alex Picard Mike Brown 13 1 2 2
5 vs 5 Defense
Defense Defense Time % Phy DF OF
1 Shea Weber Paul Martin 40 1 2 2
2 Richard Jackman Christian Backman 30 1 2 2
3 Maxim Kondratiev Ossi Vaananen 20 1 2 2
4 Christian Backman Shea Weber 10 1 2 2
PowerPlay Forward
Center Left Wing Right Wing Time % Phy DF OF
1 Jason Spezza Rick Nash Martin Havlat 60 1 2 2
2 Mike Richards Sean Bergenheim Teemu Selanne 40 1 2 2
PowerPlay Defense
Defense Defense Time % Phy DF OF
1 Shea Weber Paul Martin 60 1 2 2
2 Richard Jackman Christian Backman 40 1 2 2
Penalty Kill 4 Players Forward
Center Wing Time % Phy DF OF
1 Jason Spezza Rick Nash 60 1 2 2
2 Nate Thompson Martin Havlat 40 1 2 2
Penalty Kill 4 Players Defense
Defense Defense Time % Phy DF OF
1 Shea Weber Paul Martin 60 1 2 2
2 Richard Jackman Maxim Kondratiev 40 1 2 2
Penalty Kill - 3 Players Forward
Forward Time % Phy DF OF
1 Jason Spezza 60 1 2 2
2 Nate Thompson 40 1 2 2
Penalty Kill - 3 Players Defense
Defense Defense Time % Phy DF OF
1 Shea Weber Paul Martin 60 1 2 2
2 Richard Jackman Maxim Kondratiev 40 1 2 2
4 vs 4 Forward
Center Wing Time % Phy DF OF
1 Jason Spezza Rick Nash 60 1 2 2
2 Mike Richards Martin Havlat 40 1 2 2
4 vs 4 Defense
Defense Defense Time % Phy DF OF
1 Shea Weber Paul Martin 60 1 2 2
2 Richard Jackman Christian Backman 40 1 2 2
Last Minutes Offensive
Center Left Wing Right Wing Defense Defense
Jason Spezza Rick Nash Martin Havlat Shea Weber Paul Martin
Last Minutes Defensive
Center Left Wing Right Wing Defense Defense
Jason Spezza Rick Nash Martin Havlat Shea Weber Paul Martin
Goaltenders
Starting : Jonathan Quick
Backup : Scott Clemmensen
Extra Forwards
Normal : Shawn Horcoff, Sean Bergenheim, Alex Picard - PP : Shawn Horcoff, Sean Bergenheim - PK : Nate Thompson
Extra Defensemen
Normal : Maxim Kondratiev, Ossi Vaananen, Christian Backman - PP : Maxim Kondratiev - PK : Ossi Vaananen, Christian Backman
Penalty Shots
Jason Spezza, Rick Nash, Mike Richards, Martin Havlat, Shawn Horcoff
% Time on Ice - Senateurs
Lines # - Real PCT - Wanted PCT - Time Play
Normal Forward
1 - 31% - 36% - 14:57
2 - 28% - 32% - 13:49
3 - 22% - 22% - 10:34
4 - 19% - 10% - 9:14
Normal Defense
1 - 41% - 40% - 20:03
2 - 29% - 30% - 13:58
3 - 23% - 20% - 11:05
4 - 7% - 10% - 3:28
PP Forward
1 - 57% - 60% - 3:24
2 - 43% - 40% - 2:33
PP Defense
1 - 49% - 60% - 2:56
2 - 51% - 40% - 3:01
PK Forward
1 - 81% - 60% - 4:26
2 - 19% - 40% - 1:01
PK Defense
1 - 49% - 60% - 2:39
2 - 51% - 40% - 2:48
PK3 Forward
1 - 100% - 60% - 0:02
2 - 0% - 40% - 0:00
PK3 Defense
1 - 100% - 60% - 0:02
2 - 0% - 40% - 0:00
44 Forward
1 - 0% - 60%
2 - 0% - 40%
44 Defense
1 - 0% - 60%
2 - 0% - 40%
Last Minute Offensive - 0:00
Last Minute Defensive - 0:00
Total
Forward - 60:00
Defense - 60:00
|
% Time on Ice - Red Wings
Lines # - Real PCT - Wanted PCT - Time Play
Normal Forward
1 - 35% - 40% - 16:51
2 - 24% - 30% - 11:30
3 - 21% - 17% - 10:16
4 - 20% - 13% - 9:57
Normal Defense
1 - 39% - 40% - 18:55
2 - 30% - 30% - 14:32
3 - 25% - 20% - 12:13
4 - 6% - 10% - 2:54
PP Forward
1 - 54% - 60% - 2:59
2 - 46% - 40% - 2:30
PP Defense
1 - 56% - 60% - 3:04
2 - 44% - 40% - 2:25
PK Forward
1 - 79% - 60% - 4:41
2 - 21% - 40% - 1:16
PK Defense
1 - 51% - 60% - 3:02
2 - 49% - 40% - 2:55
PK3 Forward
1 - 0% - 60%
2 - 0% - 40%
PK3 Defense
1 - 0% - 60%
2 - 0% - 40%
44 Forward
1 - 0% - 60%
2 - 0% - 40%
44 Defense
1 - 0% - 60%
2 - 0% - 40%
Last Minute Offensive - 0:00
Last Minute Defensive - 0:00
Total
Forward - 60:00
Defense - 60:00
|
Play by Play
1st period
0:01 of 1st period - Jason Spezza wins face-off versus Jean-Pierre Dumont in neutral zone.
0:26 of 1st period - Teemu Selanne is hit by Brenden Morrow and loses puck.
1:11 of 1st period - Wrist shot by Andy Hilbert.
1:11 of 1st period - Shot Misses the Net.
1:54 of 1st period - Off-side.
1:55 of 1st period - Shawn Horcoff wins face-off versus Daymond Langkow in neutral zone.
1:58 of 1st period - Snap shot by Maxim Kondratiev.
1:58 of 1st period - Shot Blocked by Kurtis Foster.
2:04 of 1st period - Snap shot by Lee Stempniak.
2:04 of 1st period - Shot Blocked by Kurtis Foster.
2:06 of 1st period - Slapshot by Lee Stempniak.
2:06 of 1st period - Shot Misses the Net.
2:10 of 1st period - Slapshot by Shawn Horcoff.
2:10 of 1st period - Shot Misses the Net.
2:12 of 1st period - Wrist shot by Shawn Horcoff.
2:12 of 1st period - Stopped by Ondrej Pavelec without a rebound.
2:13 of 1st period - Andrew Ebbett wins face-off versus Mike Richards in Senateurs zone.
2:22 of 1st period - Slapshot by Vitaly Vishnevsky.
2:22 of 1st period - Shot Blocked by Mike Richards.
2:24 of 1st period - Slapshot by Vitaly Vishnevsky.
2:24 of 1st period - Shot Blocked by Sean Bergenheim.
2:26 of 1st period - Slapshot by Vitaly Vishnevsky.
2:26 of 1st period - Deflect By B.J. Crombeen.
2:26 of 1st period - Stopped by Jonathan Quick with a rebound.
2:28 of 1st period - Snap shot by B.J. Crombeen.
2:28 of 1st period - Shot Misses the Net.
2:38 of 1st period - Vitaly Vishnevsky is hit by Rick Nash and loses puck.
3:44 of 1st period - Teemu Selanne is hit by Sami Salo.
4:27 of 1st period - Snap shot by Alex Picard.
4:27 of 1st period - Stopped by Ondrej Pavelec with a rebound.
4:29 of 1st period - Slapshot by Shea Weber.
4:29 of 1st period - Shot Misses the Net.
4:31 of 1st period - Backhand shot by Shea Weber.
4:31 of 1st period - Shot Blocked by Dan Hamhuis.
5:27 of 1st period - Jean-Pierre Dumont is hit by Christian Backman and loses puck.
8:02 of 1st period - Wrist shot by Nikita Alexeev.
8:02 of 1st period - Stopped by Jonathan Quick with a rebound.
8:10 of 1st period - Wrist shot by Nikita Alexeev.
8:10 of 1st period - Stopped by Jonathan Quick without a rebound.
8:11 of 1st period - Jason Spezza wins face-off versus Gilbert Brule in Red Wings zone.
8:11 of 1st period - Jason Spezza is hit by Andy McDonald.
8:21 of 1st period - Sami Salo is hit by Jason Spezza and loses puck.
9:05 of 1st period - Snap shot by Darcy Hordichuk.
9:05 of 1st period - Shot Misses the Net.
9:18 of 1st period - Off-side.
9:19 of 1st period - Jason Spezza wins face-off versus Gilbert Brule in neutral zone.
9:55 of 1st period - Minor Penalty to Rick Nash for Hooking.
9:56 of 1st period - Jason Spezza wins face-off versus Daymond Langkow in Red Wings zone.
11:05 of 1st period - Daymond Langkow is hit by Mike Richards.
11:55 of 1st period - Penalty to Rick Nash is over, Rick Nash is back on ice.
13:30 of 1st period - Vitaly Vishnevsky is hit by Mike Richards and loses puck.
14:04 of 1st period - Wrist shot by Alex Picard.
14:04 of 1st period - Shot Misses the Net.
14:35 of 1st period - Jason Spezza is hit by Andy Hilbert and loses puck.
15:09 of 1st period - Richard Jackman is hit by Jean-Pierre Dumont and loses puck.
15:22 of 1st period - Wrist shot by Nikita Alexeev.
15:22 of 1st period - Shot Blocked by Maxim Kondratiev.
15:50 of 1st period - Slapshot by Andrew Ebbett.
15:50 of 1st period - Shot Blocked by Shea Weber.
16:16 of 1st period - Wrist shot by Shawn Horcoff.
16:16 of 1st period - Stopped by Ondrej Pavelec without a rebound.
16:17 of 1st period - Jason Spezza wins face-off versus Gilbert Brule in Senateurs zone.
16:49 of 1st period - Snap shot by Darcy Hordichuk.
16:49 of 1st period - Goal by Darcy Hordichuk - Senateurs : 1 - Red Wings : 0.
16:50 of 1st period - Jason Spezza wins face-off versus Jean-Pierre Dumont in neutral zone.
16:59 of 1st period - Snap shot by Jean-Pierre Dumont.
16:59 of 1st period - Stopped by Jonathan Quick without a rebound.
17:00 of 1st period - Gilbert Brule wins face-off versus Jason Spezza in Red Wings zone.
17:11 of 1st period - Wrist shot by Gilbert Brule.
17:11 of 1st period - Stopped by Jonathan Quick without a rebound.
17:12 of 1st period - Jason Spezza wins face-off versus Daymond Langkow in Red Wings zone.
18:19 of 1st period - Shea Weber is hit by Brenden Morrow and loses puck.
19:11 of 1st period - Mike Richards is hit by Jean-Pierre Dumont and loses puck.
Goals for this period are 1 for Senateurs vs 0 for Red Wings.
Shots for this period are 6 for Senateurs vs 3 for Red Wings.
2nd period
0:01 of 2nd period - Gilbert Brule wins face-off versus Jason Spezza in neutral zone.
0:13 of 2nd period - Slapshot by Paul Martin.
0:13 of 2nd period - Shot Blocked by Kurtis Foster.
0:15 of 2nd period - Slapshot by Paul Martin.
0:15 of 2nd period - Deflect By Jason Spezza.
0:15 of 2nd period - Red Wings goal is going for a video replay.
0:15 of 2nd period - The goal is good.
0:15 of 2nd period - Goal by Jason Spezza - Senateurs : 1 - Red Wings : 1.
0:16 of 2nd period - Jason Spezza wins face-off versus Brenden Morrow in neutral zone.
0:21 of 2nd period - Snap shot by Martin Havlat.
0:21 of 2nd period - Shot Misses the Net.
0:46 of 2nd period - Sean Bergenheim is hit by Gilbert Brule.
1:16 of 2nd period - Wrist shot by Shawn Horcoff.
1:16 of 2nd period - Goal by Shawn Horcoff - Senateurs : 1 - Red Wings : 2.
1:17 of 2nd period - Jason Spezza wins face-off versus Daymond Langkow in neutral zone.
1:22 of 2nd period - Slapshot by Paul Martin.
1:22 of 2nd period - Shot Misses the Net.
1:24 of 2nd period - Slapshot by Shea Weber.
1:24 of 2nd period - Stopped by Ondrej Pavelec without a rebound.
1:25 of 2nd period - Daymond Langkow wins face-off versus Jason Spezza in Senateurs zone.
1:25 of 2nd period - Daymond Langkow is hit by Martin Havlat.
1:28 of 2nd period - Minor Penalty to Brenden Morrow for High sticking.
1:29 of 2nd period - Jason Spezza wins face-off versus Andy Hilbert in Senateurs zone.
1:38 of 2nd period - Off-side.
1:39 of 2nd period - Jason Spezza wins face-off versus Daymond Langkow in neutral zone.
2:07 of 2nd period - Snap shot by Jason Spezza.
2:07 of 2nd period - Deflect By Rick Nash.
2:07 of 2nd period - Shot Blocked by Kurtis Foster.
2:07 of 2nd period - Puck is out of play.
2:08 of 2nd period - Mike Richards wins face-off versus Andy Hilbert in Senateurs zone.
2:09 of 2nd period - Snap shot by Sean Bergenheim.
2:09 of 2nd period - Stopped by Ondrej Pavelec without a rebound.
2:10 of 2nd period - Mike Richards wins face-off versus Andy Hilbert in Senateurs zone.
2:15 of 2nd period - Snap shot by Sean Bergenheim.
2:15 of 2nd period - Shot Misses the Net.
2:17 of 2nd period - Snap shot by Mike Richards.
2:17 of 2nd period - Goal by Mike Richards - Senateurs : 1 - Red Wings : 3.
2:18 of 2nd period - Jason Spezza wins face-off versus Gilbert Brule in neutral zone.
2:29 of 2nd period - Snap shot by Rick Nash.
2:29 of 2nd period - Stopped by Ondrej Pavelec without a rebound.
2:30 of 2nd period - Gilbert Brule wins face-off versus Jason Spezza in Senateurs zone.
2:44 of 2nd period - Slapshot by Shea Weber.
2:44 of 2nd period - Stopped by Ondrej Pavelec without a rebound.
2:45 of 2nd period - Daymond Langkow wins face-off versus Mike Richards in Senateurs zone.
3:00 of 2nd period - Snap shot by Brenden Morrow.
3:00 of 2nd period - Deflect By Daymond Langkow.
3:00 of 2nd period - Shot Misses the Net.
3:00 of 2nd period - Puck is out of play.
3:01 of 2nd period - Martin Havlat wins face-off versus Gilbert Brule in Red Wings zone.
3:01 of 2nd period - Martin Havlat is hit by Andy McDonald.
3:09 of 2nd period - Jean-Pierre Dumont is hit by Shea Weber and loses puck.
3:16 of 2nd period - Snap shot by Gilbert Brule.
3:16 of 2nd period - Goal by Gilbert Brule - Senateurs : 2 - Red Wings : 3.
3:17 of 2nd period - Daymond Langkow wins face-off versus Mike Richards in neutral zone.
4:22 of 2nd period - Slapshot by Shawn Horcoff.
4:22 of 2nd period - Shot Blocked by Vitaly Vishnevsky.
4:46 of 2nd period - Wrist shot by Mike Richards.
4:46 of 2nd period - Stopped by Ondrej Pavelec without a rebound.
4:47 of 2nd period - Mike Richards wins face-off versus Gilbert Brule in Senateurs zone.
5:00 of 2nd period - Slapshot by Sean Bergenheim.
5:00 of 2nd period - Shot Misses the Net.
5:19 of 2nd period - Snap shot by Sami Salo.
5:19 of 2nd period - Deflect By Shawn Horcoff.
5:19 of 2nd period - Stopped by Jonathan Quick without a rebound.
5:20 of 2nd period - Jason Spezza wins face-off versus Daymond Langkow in Red Wings zone.
5:30 of 2nd period - Snap shot by Brenden Morrow.
5:30 of 2nd period - Shot Blocked by Richard Jackman.
5:32 of 2nd period - Slapshot by Sami Salo.
5:32 of 2nd period - Stopped by Jonathan Quick without a rebound.
5:33 of 2nd period - Jason Spezza wins face-off versus Brenden Morrow in Red Wings zone.
5:42 of 2nd period - Wrist shot by Todd Bertuzzi.
5:42 of 2nd period - Shot Misses the Net.
5:44 of 2nd period - Wrist shot by Vitaly Vishnevsky.
5:44 of 2nd period - Shot Misses the Net.
5:46 of 2nd period - Slapshot by Kurtis Foster.
5:46 of 2nd period - Stopped by Jonathan Quick without a rebound.
5:47 of 2nd period - Andy McDonald wins face-off versus Mike Richards in Red Wings zone.
7:23 of 2nd period - Snap shot by Andy Hilbert.
7:23 of 2nd period - Stopped by Jonathan Quick with a rebound.
7:25 of 2nd period - Snap shot by Vitaly Vishnevsky.
7:25 of 2nd period - Deflect By Vernon Fiddler.
7:25 of 2nd period - Shot Blocked by Nate Thompson.
7:25 of 2nd period - Puck is out of play.
7:26 of 2nd period - Gilbert Brule wins face-off versus Jason Spezza in Red Wings zone.
7:33 of 2nd period - Snap shot by Gilbert Brule.
7:33 of 2nd period - Shot Blocked by Shea Weber.
7:35 of 2nd period - Slapshot by Dan Hamhuis.
7:35 of 2nd period - Deflect By Gilbert Brule.
7:35 of 2nd period - Stopped by Jonathan Quick with a rebound.
7:37 of 2nd period - Snap shot by Andy McDonald.
7:37 of 2nd period - Shot Blocked by Paul Martin.
7:39 of 2nd period - Slapshot by Carlo Colaiacovo.
7:39 of 2nd period - Shot Misses the Net.
7:53 of 2nd period - Brenden Morrow is hit by Sean Bergenheim and loses puck.
8:35 of 2nd period - Off-side.
8:36 of 2nd period - Nate Thompson wins face-off versus Gilbert Brule in neutral zone.
8:41 of 2nd period - Slapshot by Shea Weber.
8:41 of 2nd period - Stopped by Ondrej Pavelec without a rebound.
8:42 of 2nd period - Jason Spezza wins face-off versus Brenden Morrow in Senateurs zone.
8:47 of 2nd period - Wrist shot by Rick Nash.
8:47 of 2nd period - Shot Blocked by Carlo Colaiacovo.
8:49 of 2nd period - Slapshot by Paul Martin.
8:49 of 2nd period - Stopped by Ondrej Pavelec without a rebound.
8:50 of 2nd period - Daymond Langkow wins face-off versus Jason Spezza in Senateurs zone.
8:59 of 2nd period - Snap shot by Rick Nash.
8:59 of 2nd period - Stopped by Ondrej Pavelec with a rebound.
9:01 of 2nd period - Snap shot by Rick Nash.
9:01 of 2nd period - Shot Blocked by Daymond Langkow.
9:03 of 2nd period - Slapshot by Paul Martin.
9:03 of 2nd period - Deflect By Jason Spezza.
9:03 of 2nd period - Shot Misses the Net.
9:03 of 2nd period - Puck is out of play.
9:04 of 2nd period - Sean Bergenheim wins face-off versus Gilbert Brule in Senateurs zone.
9:07 of 2nd period - Wrist shot by Teemu Selanne.
9:07 of 2nd period - Stopped by Ondrej Pavelec with a rebound.
9:09 of 2nd period - Minor Penalty to Jean-Pierre Dumont for Hooking.
9:10 of 2nd period - Jason Spezza wins face-off versus Brenden Morrow in Senateurs zone.
9:15 of 2nd period - Snap shot by Jason Spezza.
9:15 of 2nd period - Shot Blocked by Daymond Langkow.
9:17 of 2nd period - Slapshot by Shea Weber.
9:17 of 2nd period - Shot Blocked by Kurtis Foster.
9:19 of 2nd period - Slapshot by Paul Martin.
9:19 of 2nd period - Stopped by Ondrej Pavelec with a rebound.
10:12 of 2nd period - Carlo Colaiacovo is hit by Martin Havlat and loses puck.
11:09 of 2nd period - Penalty to Jean-Pierre Dumont is over, Jean-Pierre Dumont is back on ice.
12:02 of 2nd period - Snap shot by Nikita Alexeev.
12:02 of 2nd period - Deflect By Vernon Fiddler.
12:02 of 2nd period - Shot Misses the Net.
12:02 of 2nd period - Puck is out of play.
12:03 of 2nd period - Jason Spezza wins face-off versus B.J. Crombeen in Red Wings zone.
12:37 of 2nd period - Slapshot by Dan Girardi.
12:37 of 2nd period - Shot Misses the Net.
12:57 of 2nd period - Snap shot by Alex Picard.
12:57 of 2nd period - Shot Blocked by Sami Salo.
13:05 of 2nd period - Wrist shot by B.J. Crombeen.
13:05 of 2nd period - Stopped by Jonathan Quick with a rebound.
13:07 of 2nd period - Snap shot by B.J. Crombeen.
13:07 of 2nd period - Shot Misses the Net.
13:09 of 2nd period - Slapshot by B.J. Crombeen.
13:09 of 2nd period - Shot Blocked by Richard Jackman.
13:47 of 2nd period - Wrist shot by Nikita Alexeev.
13:47 of 2nd period - Deflect By Christian Backman.
13:47 of 2nd period - Stopped by Jonathan Quick with a rebound.
13:49 of 2nd period - Slapshot by Dan Girardi.
13:49 of 2nd period - Stopped by Jonathan Quick without a rebound.
13:50 of 2nd period - Gilbert Brule wins face-off versus Jason Spezza in Red Wings zone.
14:52 of 2nd period - Slapshot by Martin Havlat.
14:52 of 2nd period - Deflect By Daymond Langkow.
14:52 of 2nd period - Shot Blocked by Todd Bertuzzi.
14:52 of 2nd period - Puck is out of play.
14:53 of 2nd period - Jason Spezza wins face-off versus Daymond Langkow in Senateurs zone.
15:14 of 2nd period - Dan Hamhuis is hit by Mike Richards and loses puck.
15:43 of 2nd period - Maxim Kondratiev is hit by Sami Salo and loses puck.
16:04 of 2nd period - Snap shot by Rick Nash.
16:04 of 2nd period - Shot Misses the Net.
16:06 of 2nd period - Slapshot by Maxim Kondratiev.
16:06 of 2nd period - Stopped by Ondrej Pavelec with a rebound.
16:08 of 2nd period - Snap shot by Martin Havlat.
16:08 of 2nd period - Shot Misses the Net.
16:10 of 2nd period - Slapshot by Ossi Vaananen.
16:10 of 2nd period - Shot Blocked by Vitaly Vishnevsky.
16:12 of 2nd period - Wrist shot by Jason Spezza.
16:12 of 2nd period - Shot Blocked by Gilbert Brule.
16:38 of 2nd period - Backhand shot by Daymond Langkow.
16:38 of 2nd period - Stopped by Jonathan Quick without a rebound.
16:39 of 2nd period - Nate Thompson wins face-off versus Darcy Hordichuk in Red Wings zone.
16:45 of 2nd period - Off-side.
16:46 of 2nd period - Jean-Pierre Dumont wins face-off versus Martin Havlat in neutral zone.
16:56 of 2nd period - Icing by Christian Backman.
16:57 of 2nd period - Todd Bertuzzi wins face-off versus Jason Spezza in Red Wings zone.
17:04 of 2nd period - Snap shot by Rick Nash.
17:04 of 2nd period - Stopped by Ondrej Pavelec without a rebound.
17:05 of 2nd period - Jason Spezza wins face-off versus Daymond Langkow in Senateurs zone.
17:08 of 2nd period - Wrist shot by Rick Nash.
17:08 of 2nd period - Shot Blocked by Carlo Colaiacovo.
17:41 of 2nd period - Snap shot by Jean-Pierre Dumont.
17:41 of 2nd period - Shot Misses the Net.
17:43 of 2nd period - Wrist shot by Andy McDonald.
17:43 of 2nd period - Shot Blocked by Teemu Selanne.
18:02 of 2nd period - Wrist shot by Lee Stempniak.
18:02 of 2nd period - Stopped by Ondrej Pavelec with a rebound.
18:33 of 2nd period - Icing by Kurtis Foster.
18:34 of 2nd period - Jason Spezza wins face-off versus Vernon Fiddler in Senateurs zone.
Goals for this period are 1 for Senateurs vs 3 for Red Wings.
Shots for this period are 10 for Senateurs vs 16 for Red Wings.
3rd period
0:01 of 3rd period - Jason Spezza wins face-off versus Gilbert Brule in neutral zone.
0:30 of 3rd period - Slapshot by Shea Weber.
0:30 of 3rd period - Deflect By Todd Bertuzzi.
0:30 of 3rd period - Stopped by Ondrej Pavelec without a rebound.
0:31 of 3rd period - Brenden Morrow wins face-off versus Teemu Selanne in Senateurs zone.
0:44 of 3rd period - Snap shot by Todd Bertuzzi.
0:44 of 3rd period - Stopped by Jonathan Quick without a rebound.
0:45 of 3rd period - Jason Spezza wins face-off versus Jean-Pierre Dumont in Red Wings zone.
1:33 of 3rd period - Wrist shot by Andrew Ebbett.
1:33 of 3rd period - Shot Misses the Net.
2:35 of 3rd period - Snap shot by Todd Bertuzzi.
2:35 of 3rd period - Shot Misses the Net.
2:37 of 3rd period - Backhand shot by Daymond Langkow.
2:37 of 3rd period - Stopped by Jonathan Quick with a rebound.
3:29 of 3rd period - Minor Penalty to Mike Brown for Holding.
3:30 of 3rd period - Jason Spezza wins face-off versus Daymond Langkow in Red Wings zone.
3:47 of 3rd period - Paul Martin is hit by Brenden Morrow and loses puck.
4:12 of 3rd period - Snap shot by Daymond Langkow.
4:12 of 3rd period - Stopped by Jonathan Quick without a rebound.
4:13 of 3rd period - Gilbert Brule wins face-off versus Jason Spezza in Red Wings zone.
4:14 of 3rd period - Slapshot by Andy McDonald.
4:14 of 3rd period - Shot Misses the Net.
4:16 of 3rd period - Snap shot by Andy McDonald.
4:16 of 3rd period - Stopped by Jonathan Quick without a rebound.
4:17 of 3rd period - Jean-Pierre Dumont wins face-off versus Jason Spezza in Red Wings zone.
4:18 of 3rd period - Backhand shot by Andy McDonald.
4:18 of 3rd period - Shot Misses the Net.
4:22 of 3rd period - Snap shot by Andy McDonald.
4:22 of 3rd period - Shot Misses the Net.
4:56 of 3rd period - Andy McDonald is hit by Martin Havlat and loses puck.
5:29 of 3rd period - Penalty to Mike Brown is over, Mike Brown is back on ice.
5:44 of 3rd period - Snap shot by Nikita Alexeev.
5:44 of 3rd period - Shot Blocked by Alex Picard.
5:46 of 3rd period - Snap shot by Andy Hilbert.
5:46 of 3rd period - Shot Blocked by Nate Thompson.
5:48 of 3rd period - Snap shot by Andy Hilbert.
5:48 of 3rd period - Shot Misses the Net.
5:50 of 3rd period - Slapshot by Andy Hilbert.
5:50 of 3rd period - Stopped by Jonathan Quick without a rebound.
5:51 of 3rd period - Andrew Ebbett wins face-off versus Mike Richards in Red Wings zone.
5:58 of 3rd period - Snap shot by B.J. Crombeen.
5:58 of 3rd period - Shot Misses the Net.
6:00 of 3rd period - Wrist shot by Andrew Ebbett.
6:00 of 3rd period - Stopped by Jonathan Quick with a rebound.
6:02 of 3rd period - Wrist shot by B.J. Crombeen.
6:02 of 3rd period - Stopped by Jonathan Quick with a rebound.
6:21 of 3rd period - Slapshot by Dan Hamhuis.
6:21 of 3rd period - Stopped by Jonathan Quick without a rebound.
6:22 of 3rd period - Gilbert Brule wins face-off versus Shawn Horcoff in Red Wings zone.
6:25 of 3rd period - Slapshot by Gilbert Brule.
6:25 of 3rd period - Stopped by Jonathan Quick with a rebound.
6:27 of 3rd period - Snap shot by Andy McDonald.
6:27 of 3rd period - Shot Blocked by Lee Stempniak.
6:29 of 3rd period - Slapshot by Carlo Colaiacovo.
6:29 of 3rd period - Stopped by Jonathan Quick with a rebound.
6:31 of 3rd period - Snap shot by Jean-Pierre Dumont.
6:31 of 3rd period - Shot Blocked by Maxim Kondratiev.
6:33 of 3rd period - Snap shot by Jean-Pierre Dumont.
6:33 of 3rd period - Stopped by Jonathan Quick without a rebound.
6:34 of 3rd period - Jean-Pierre Dumont wins face-off versus Jason Spezza in Red Wings zone.
6:35 of 3rd period - Snap shot by Gilbert Brule.
6:35 of 3rd period - Stopped by Jonathan Quick without a rebound.
6:36 of 3rd period - Gilbert Brule wins face-off versus Jason Spezza in Red Wings zone.
6:41 of 3rd period - Snap shot by Jean-Pierre Dumont.
6:41 of 3rd period - Stopped by Jonathan Quick without a rebound.
6:42 of 3rd period - Jason Spezza wins face-off versus Gilbert Brule in Red Wings zone.
6:57 of 3rd period - Snap shot by Jason Spezza.
6:57 of 3rd period - Shot Blocked by Andy McDonald.
7:03 of 3rd period - Snap shot by Gilbert Brule.
7:03 of 3rd period - Shot Misses the Net.
7:05 of 3rd period - Slapshot by Jean-Pierre Dumont.
7:05 of 3rd period - Stopped by Jonathan Quick with a rebound.
7:07 of 3rd period - Wrist shot by Gilbert Brule.
7:07 of 3rd period - Stopped by Jonathan Quick without a rebound.
7:08 of 3rd period - Mike Richards wins face-off versus Brenden Morrow in Red Wings zone.
7:23 of 3rd period - Snap shot by Mike Richards.
7:23 of 3rd period - Stopped by Ondrej Pavelec with a rebound.
7:46 of 3rd period - Slapshot by Shawn Horcoff.
7:46 of 3rd period - Deflect By Vitaly Vishnevsky.
7:46 of 3rd period - Stopped by Ondrej Pavelec without a rebound.
7:47 of 3rd period - Gilbert Brule wins face-off versus Jason Spezza in Senateurs zone.
7:56 of 3rd period - Snap shot by Andy McDonald.
7:56 of 3rd period - Shot Blocked by Jason Spezza.
8:02 of 3rd period - Jean-Pierre Dumont is hit by Jason Spezza and loses puck.
9:03 of 3rd period - Slapshot by Daymond Langkow.
9:03 of 3rd period - Shot Misses the Net.
10:01 of 3rd period - Wrist shot by Daymond Langkow.
10:01 of 3rd period - Shot Misses the Net.
10:03 of 3rd period - Snap shot by Todd Bertuzzi.
10:03 of 3rd period - Stopped by Jonathan Quick without a rebound.
10:04 of 3rd period - Jason Spezza wins face-off versus Daymond Langkow in Red Wings zone.
10:13 of 3rd period - Jason Spezza is hit by Daymond Langkow and loses puck.
10:30 of 3rd period - Teemu Selanne is hit by Sami Salo and loses puck.
10:31 of 3rd period - Teemu Selanne from Red Wings is injured at 10:31 of 3rd period (Torn Left Knee Ligaments).
10:32 of 3rd period - Daymond Langkow wins face-off versus Jason Spezza in Red Wings zone.
10:35 of 3rd period - Wrist shot by Daymond Langkow.
10:35 of 3rd period - Shot Misses the Net.
10:37 of 3rd period - Snap shot by Daymond Langkow.
10:37 of 3rd period - Shot Misses the Net.
10:39 of 3rd period - Slapshot by Dan Hamhuis.
10:39 of 3rd period - Stopped by Jonathan Quick without a rebound.
10:40 of 3rd period - Jason Spezza wins face-off versus Brenden Morrow in Red Wings zone.
10:44 of 3rd period - Off-side.
10:45 of 3rd period - Gilbert Brule wins face-off versus Martin Havlat in neutral zone.
11:01 of 3rd period - Snap shot by Gilbert Brule.
11:01 of 3rd period - Shot Blocked by Martin Havlat.
11:24 of 3rd period - Wrist shot by Andrew Ebbett.
11:24 of 3rd period - Stopped by Jonathan Quick with a rebound.
12:24 of 3rd period - Minor Penalty to Darcy Hordichuk for Interference.
12:25 of 3rd period - Brenden Morrow wins face-off versus Jason Spezza in Senateurs zone.
13:06 of 3rd period - Minor Penalty to Carlo Colaiacovo for Hooking.
13:07 of 3rd period - Jason Spezza wins face-off versus Brenden Morrow in Senateurs zone.
13:08 of 3rd period - Slapshot by Rick Nash.
13:08 of 3rd period - Goal by Rick Nash - Senateurs : 2 - Red Wings : 4.
13:09 of 3rd period - Brenden Morrow wins face-off versus Jason Spezza in neutral zone.
15:06 of 3rd period - Penalty to Carlo Colaiacovo is over, Carlo Colaiacovo is back on ice.
15:11 of 3rd period - Wrist shot by Mike Brown.
15:11 of 3rd period - Stopped by Ondrej Pavelec without a rebound.
15:12 of 3rd period - Andrew Ebbett wins face-off versus Nate Thompson in Senateurs zone.
15:12 of 3rd period - Andrew Ebbett is hit by Mike Brown.
15:42 of 3rd period - Minor Penalty to Nate Thompson for Roughing.
15:43 of 3rd period - Jason Spezza wins face-off versus Daymond Langkow in Red Wings zone.
17:42 of 3rd period - Penalty to Nate Thompson is over, Nate Thompson is back on ice.
17:54 of 3rd period - Snap shot by Darcy Hordichuk.
17:54 of 3rd period - Shot Misses the Net.
17:56 of 3rd period - Snap shot by Sami Salo.
17:56 of 3rd period - Deflect By B.J. Crombeen.
17:56 of 3rd period - Shot Blocked by Nate Thompson.
17:56 of 3rd period - Puck is out of play.
17:57 of 3rd period - Andrew Ebbett wins face-off versus Mike Richards in Red Wings zone.
18:56 of 3rd period - Andrew Ebbett is hit by Shawn Horcoff and loses puck.
19:40 of 3rd period - Dan Girardi is hit by Jason Spezza and loses puck.
Goals for this period are 0 for Senateurs vs 1 for Red Wings.
Shots for this period are 18 for Senateurs vs 5 for Red Wings.
Output by the SimonT Hockey Simulator (STHS) for François Prévost -- Original Page W3C XHTML 1.0 Valid